[Event "European Womens-ch 2025"]
[Site "Rhodes"]
[Date "2025.04.03"]
[Round "4.39"]
[White "Mamedjarova, Turkan"]
[Black "Deak-Sala, Emilia"]
[Result "1/2-1/2"]
[Annotator "RC"]
[ECO "B22"]
[WhiteElo "2206"]
[BlackElo "2112"]
[PlyCount "64"]
[EventDate "2025.03.29"]
[EventType "swiss"]
[EventCountry "GRE"]
[SourceTitle "playchess.com"]
[Source "ChessBase"]
[SourceQuality "1"]
[TimeControl "40/5400+30:1800+30"]

1. e4 c5 2. c3 Nf6 3. e5 Nd5 4. d4 cxd4 5. Qxd4 e6 6. Nf3 Nc6 7. Qe4 d6 8. exd6 Nf6 9. d7+ Bxd7 10. Qc2 Qc7 11. Be2 Bd6 12. h3 O-O 13. O-O Ne5 14. Bg5 Nxf3+ 15. Bxf3 Bc6 16. Bxc6 Qxc6 17. Bxf6 gxf6 18. Nd2 f5 19. Nf3 Be7 20. Ne5 Qc7 21. Qe2 Bf6 22. f4 Rfd8 23. Rad1 Bxe5 24. fxe5 Rxd1 25. Rxd1 Rd8 26. Re1 Rd5 27. Qf2 Qc5 28. Re3 Kf8 29. Qf4 Rd3 30. Kf2 Rd2+ 31. Kg3 Qd5 32. Rf3 Rd3 1/2-1/2

[Event "European Womens-ch 2025"]
[Site "Rhodes"]
[Date "2025.04.03"]
[Round "4.40"]
[White "Gaboyan, Susanna"]
[Black "Sivanandan, Bodhana"]
[Result "1-0"]
[Annotator "RC"]
[ECO "C42"]
[WhiteElo "2200"]
[BlackElo "2073"]
[PlyCount "109"]
[EventDate "2025.03.29"]
[EventType "swiss"]
[EventCountry "GRE"]
[SourceTitle "playchess.com"]
[Source "ChessBase"]
[SourceQuality "1"]
[TimeControl "40/5400+30:1800+30"]

1. e4 e5 2. Nf3 Nf6 3. Nxe5 d6 4. Nf3 Nxe4 5. Nc3 Nxc3 6. dxc3 Be7 7. Be3 O-O 8. Qd2 Nd7 9. O-O-O Nf6 10. Bd3 Be6 11. Nd4 Qd7 12. Kb1 a6 13. Rde1 c5 14. Nxe6 fxe6 15. Bg5 Rae8 16. Qe3 e5 17. Bxf6 Rxf6 18. Qe4 g6 19. h4 Bf8 20. h5 d5 21. Qh4 Qg7 22. hxg6 hxg6 23. c4 Rf4 24. Qg3 Rf6 25. cxd5 Bd6 26. Be4 Kf7 27. Rh3 Rf4 28. f3 Kf6 29. Reh1 Rg8 30. Rh7 Qf8 31. Qh3 Qc8 32. Qxc8 Rxc8 33. g3 Rxe4 34. fxe4 b5 35. Rh8 Rc7 36. R1h7 Be7 37. Ra8 c4 38. Rxa6+ Kg5 39. Re6 Bd8 40. Rxc7 Bxc7 41. d6 Bd8 42. d7 b4 43. a4 bxa3 44. bxa3 Kh5 45. a4 g5 46. Rxe5 Kg4 47. Re8 Bc7 48. e5 Kxg3 49. e6 g4 50. e7 Kg2 51. d8=Q Bxd8 52. exd8=Q g3 53. Qd2+ Kh3 54. Rg8 Kh4 55. Qh6# 1-0

[Event "European Womens-ch 2025"]
[Site "Rhodes"]
[Date "2025.04.03"]
[Round "4.41"]
[White "Tsetskhladze, Mariam"]
[Black "Guichard, Pauline"]
[Result "0-1"]
[Annotator "RC"]
[ECO "B11"]
[WhiteElo "2105"]
[BlackElo "2355"]
[PlyCount "120"]
[EventDate "2025.03.29"]
[EventType "swiss"]
[EventCountry "GRE"]
[SourceTitle "playchess.com"]
[Source "ChessBase"]
[SourceQuality "1"]
[TimeControl "40/5400+30:1800+30"]

1. e4 c6 2. Nc3 d5 3. Nf3 Bg4 4. h3 Bxf3 5. Qxf3 e6 6. Be2 Bc5 7. Qg3 Bd4 8. d3 Nd7 9. Be3 Be5 10. f4 Bf6 11. Bf2 d4 12. Nb1 Qa5+ 13. Nd2 e5 14. f5 Ne7 15. a3 c5 16. Rd1 b5 17. O-O Rc8 18. Qh2 Qa4 19. b3 Qa5 20. Nf3 h5 21. h4 Nc6 22. Bg3 Qc7 23. Rc1 Qd6 24. Rfd1 Nb6 25. Nd2 a5 26. Ra1 a4 27. Rdb1 Ra8 28. Kh1 Qe7 29. Bf1 axb3 30. cxb3 Ra6 31. Rc1 O-O 32. Ra2 Rfa8 33. Rac2 Nd7 34. Nb1 Na5 35. Nd2 Qd6 36. Be2 c4 37. bxc4 bxc4 38. Nxc4 Nxc4 39. Rxc4 Rxa3 40. Qg1 Qe7 41. Qe1 Kh7 42. Qf2 Ra2 43. Qf3 g6 44. Rc7 Kg7 45. Be1 Ra1 46. g3 Rxc1 47. Rxc1 Ra2 48. fxg6 fxg6 49. Bf1 Qe6 50. Qd1 Kh7 51. Rc7 Bg7 52. Qb1 Nf6 53. Rc2 Ra3 54. Bf2 Qa6 55. Qb8 Nxe4 56. Be1 Ra1 57. Re2 Qxd3 58. Qb2 Rb1 59. Qa2 Nxg3+ 60. Bxg3 Rxf1+ 0-1

[Event "European Womens-ch 2025"]
[Site "Rhodes"]
[Date "2025.04.03"]
[Round "4.42"]
[White "Sliwicka, Alicja"]
[Black "Vidic, Teja"]
[Result "1-0"]
[Annotator "RC"]
[ECO "C55"]
[WhiteElo "2342"]
[BlackElo "2100"]
[PlyCount "67"]
[EventDate "2025.03.29"]
[EventType "swiss"]
[EventCountry "GRE"]
[SourceTitle "playchess.com"]
[Source "ChessBase"]
[SourceQuality "1"]
[TimeControl "40/5400+30:1800+30"]

1. e4 e5 2. Nf3 Nc6 3. Bc4 Nf6 4. d3 Be7 5. Nc3 O-O 6. O-O d6 7. a4 Be6 8. Nd5 h6 9. Re1 Qd7 10. c3 Rae8 11. a5 a6 12. b4 Bd8 13. Bb3 Qc8 14. Bd2 Nb8 15. c4 c6 16. Nc3 Nbd7 17. Nh4 Bc7 18. Qf3 c5 19. b5 Nb8 20. h3 Bd8 21. Bd1 axb5 22. Nxb5 Qd7 23. Ba4 Qe7 24. Na7 Bd7 25. Nf5 Qe6 26. Bxd7 Nbxd7 27. Nb5 Nh7 28. Qg3 Bg5 29. h4 g6 30. hxg5 gxf5 31. exf5 Qxf5 32. Nxd6 Qg6 33. Nxe8 Rxe8 34. gxh6 1-0

[Event "European Womens-ch 2025"]
[Site "Rhodes"]
[Date "2025.04.03"]
[Round "4.43"]
[White "Ter-Avetisjana, Agnesa Stepania"]
[Black "Schippke, Manon"]
[Result "1-0"]
[Annotator "ChessBase"]
[ECO "B54"]
[WhiteElo "2100"]
[BlackElo "2247"]
[PlyCount "101"]
[EventDate "2025.03.29"]
[EventType "swiss"]
[EventCountry "GRE"]
[SourceTitle "playchess.com"]
[Source "ChessBase"]
[SourceQuality "1"]
[TimeControl "40/5400+30:1800+30"]

1. e4 c5 2. Nf3 d6 3. Bb5+ Nc6 4. O-O Bd7 5. d4 cxd4 6. Nxd4 g6 7. c4 Bg7 8. Be3 Nf6 9. Nc3 O-O 10. f3 a6 11. Bxc6 bxc6 12. Qd2 Qb8 13. Rab1 e5 14. Nc2 Be6 15. b3 Rd8 16. Bg5 Rd7 17. Na4 Qc7 18. Qf2 Rb8 19. Rfd1 h6 20. Be3 Nh5 21. Rd2 d5 22. Bb6 Qb7 23. Rbd1 d4 24. Ne1 Re7 25. Bc5 Ree8 26. Nd3 Qc7 27. Rf1 f5 28. Qe1 Bd7 29. Qc1 Bf6 30. Qa3 Re6 31. Re2 Bg5 32. exf5 gxf5 33. Rxe5 Bf4 34. Nxf4 Qxe5 35. Nxe6 Bxe6 36. Qc1 Nf4 37. Qd2 d3 38. Qe3 Qc7 39. Bb6 Qd6 40. Bc5 Qc7 41. g3 Nh3+ 42. Kg2 Ng5 43. Qf4 Qd8 44. Bd6 Rc8 45. Rd1 Qe8 46. Nc3 Bd5 47. cxd5 cxd5 48. Qe5 Qh5 49. Qxd5+ Kg7 50. Be5+ Kg6 51. h4 1-0

[Event "European Womens-ch 2025"]
[Site "Rhodes"]
[Date "2025.04.03"]
[Round "4.44"]
[White "Grapsa, Georgia"]
[Black "Wikar, Martyna"]
[Result "0-1"]
[Annotator "RC"]
[ECO "A87"]
[WhiteElo "2065"]
[BlackElo "2239"]
[PlyCount "100"]
[EventDate "2025.03.29"]
[EventType "swiss"]
[EventCountry "GRE"]
[SourceTitle "playchess.com"]
[Source "ChessBase"]
[SourceQuality "1"]
[TimeControl "40/5400+30:1800+30"]

1. d4 f5 2. c4 Nf6 3. g3 g6 4. Bg2 Bg7 5. Nf3 O-O 6. O-O d6 7. Nc3 e6 8. Re1 Ne4 9. Qd3 Nxc3 10. Qxc3 Nc6 11. Qd2 e5 12. d5 Nb8 13. b3 a5 14. Bb2 Nd7 15. Ng5 Nc5 16. Ne6 Nxe6 17. dxe6 Ra7 18. c5 dxc5 19. Qe3 Qe7 20. Rac1 b6 21. Red1 e4 22. Bxg7 Kxg7 23. f3 Qxe6 24. fxe4 Re8 25. Qc3+ Qf6 26. Qxf6+ Kxf6 27. exf5 Rxe2 28. fxg6 hxg6 29. Rf1+ Kg7 30. Rce1 Rxe1 31. Rxe1 Kf6 32. Rf1+ Ke5 33. Re1+ Kd4 34. Be4 Bf5 35. Bxf5 gxf5 36. h4 b5 37. Rf1 c4 38. Rf4+ Kd3 39. Rf3+ Ke4 40. Rf4+ Kd3 41. bxc4 bxc4 42. Rxf5 c3 43. Rc5 c2 44. Kg2 Kd2 45. Rd5+ Kc3 46. Rc5+ Kb2 47. Rb5+ Kxa2 48. Rc5 Kb3 49. h5 a4 50. h6 a3 0-1

[Event "European Womens-ch 2025"]
[Site "Rhodes"]
[Date "2025.04.03"]
[Round "4.45"]
[White "Rudzinska, Michalina"]
[Black "Bochnickova, Andrea"]
[Result "1-0"]
[Annotator "RC"]
[ECO "B30"]
[WhiteElo "2223"]
[BlackElo "2051"]
[PlyCount "79"]
[EventDate "2025.03.29"]
[EventType "swiss"]
[EventCountry "GRE"]
[SourceTitle "playchess.com"]
[Source "ChessBase"]
[SourceQuality "1"]
[TimeControl "40/5400+30:1800+30"]

1. e4 c5 2. Nf3 Nc6 3. Bc4 e6 4. O-O Qc7 5. Re1 Nf6 6. e5 Ng4 7. Qe2 d6 8. exd6 Bxd6 9. h3 Nge5 10. Nxe5 Nxe5 11. Nc3 a6 12. Ne4 Nxc4 13. Qxc4 O-O 14. a4 b6 15. Nxd6 Qxd6 16. Ra3 Bb7 17. Rd3 Qc6 18. Rg3 Rad8 19. Qg4 g6 20. b3 Rd4 21. Qg5 f6 22. Qh6 Re4 23. Rd1 Qd5 24. Bb2 e5 25. d3 Re2 26. Qc1 f5 27. Kf1 Rxf2+ 28. Kxf2 f4 29. Rf3 Qd8 30. Rf1 Bxf3 31. Kxf3 Qh4 32. Qe1 Qh5+ 33. Kf2 Rf5 34. Qe4 f3 35. gxf3 Qxh3 36. Bxe5 Qh5 37. Bg3 Rf7 38. Re1 g5 39. Qe8+ Kg7 40. Be5+ 1-0

[Event "European Womens-ch 2025"]
[Site "Rhodes"]
[Date "2025.04.03"]
[Round "4.46"]
[White "Acarbay, Algi"]
[Black "Prado Acebo, Ines"]
[Result "0-1"]
[Annotator "ChessBase"]
[ECO "B90"]
[WhiteElo "2052"]
[BlackElo "2199"]
[PlyCount "94"]
[EventDate "2025.03.29"]
[EventType "swiss"]
[EventCountry "GRE"]
[SourceTitle "playchess.com"]
[Source "ChessBase"]
[SourceQuality "1"]
[TimeControl "40/5400+30:1800+30"]

1. e4 c5 2. Nf3 d6 3. d4 cxd4 4. Nxd4 Nf6 5. Nc3 a6 6. Be3 e5 7. Nb3 Be6 8. Rg1 h5 9. h3 h4 10. Qd2 Nbd7 11. O-O-O b5 12. Kb1 Rc8 13. f4 Qc7 14. f5 Bc4 15. a3 Nb6 16. Qf2 Na4 17. Nxa4 bxa4 18. Bb6 Nxe4 19. Qe3 Qb8 20. Bxc4 Rxc4 21. Na5 Nc3+ 22. bxc3 Rc5 23. Qxc5 dxc5 24. Rd8+ Qxd8 25. Bxd8 Kxd8 26. Nc6+ Kc7 27. Nxe5 Be7 28. c4 Bf6 29. Nd3 Rb8+ 30. Ka2 Kc6 31. Re1 Rd8 32. Re4 Rd4 33. Rg4 Kd6 34. Kb1 Rxg4 35. hxg4 Bg5 36. c3 Bf6 37. Kc2 Be5 38. Kd2 Bf6 39. Ke3 Bxc3 40. Ke4 Bd4 41. Kf4 a5 42. Ne1 Bb2 43. Nc2 Bc1+ 44. Ke4 f6 45. Ne1 Bxa3 46. Nf3 Bc1 47. Kd3 a3 0-1

[Event "European Womens-ch 2025"]
[Site "Rhodes"]
[Date "2025.04.03"]
[Round "4.47"]
[White "Terbe, Zsuzsanna"]
[Black "Caku, Kler"]
[Result "1-0"]
[Annotator "RC"]
[ECO "D25"]
[WhiteElo "2179"]
[BlackElo "2036"]
[PlyCount "75"]
[EventDate "2025.03.29"]
[EventType "swiss"]
[EventCountry "GRE"]
[SourceTitle "playchess.com"]
[Source "ChessBase"]
[SourceQuality "1"]
[TimeControl "40/5400+30:1800+30"]

1. d4 d5 2. c4 dxc4 3. Nf3 Nf6 4. e3 Bg4 5. Bxc4 e6 6. Be2 c5 7. h3 Bh5 8. O-O cxd4 9. Nxd4 Bxe2 10. Qxe2 Nbd7 11. b3 Bc5 12. Bb2 O-O 13. Nd2 Qe7 14. a3 Rfd8 15. b4 Bxd4 16. Bxd4 e5 17. Bb2 Nb6 18. Nf3 e4 19. Nd2 Qe6 20. Bxf6 gxf6 21. Rfc1 Kh8 22. Nf1 Rd3 23. Ng3 Rg8 24. Qh5 Nc4 25. Qh4 Nd2 26. Rc5 b6 27. Rh5 Rg7 28. Kh1 Qd7 29. Qxf6 Rd6 30. Qb2 Nc4 31. Qc3 f6 32. Qxc4 Rd1+ 33. Rxd1 Qxd1+ 34. Qf1 Qc2 35. Rd5 Qc7 36. Qd1 Rg8 37. Rd7 Qe5 38. Rxa7 1-0

[Event "European Womens-ch 2025"]
[Site "Rhodes"]
[Date "2025.04.03"]
[Round "4.48"]
[White "Bochnickova, Simona"]
[Black "Subramanian, Anusha"]
[Result "1-0"]
[Annotator "RC"]
[ECO "C42"]
[WhiteElo "2167"]
[BlackElo "2026"]
[PlyCount "92"]
[EventDate "2025.03.29"]
[EventType "swiss"]
[EventCountry "GRE"]
[SourceTitle "playchess.com"]
[Source "ChessBase"]
[SourceQuality "1"]
[TimeControl "40/5400+30:1800+30"]

1. e4 e5 2. Nf3 Nf6 3. Nxe5 d6 4. Nf3 Nxe4 5. Nc3 Nxc3 6. dxc3 Be7 7. Be3 O-O 8. Bd3 Nd7 9. Qd2 Nf6 10. O-O-O c5 11. Rhe1 Qa5 12. a3 Be6 13. Ng5 Rfe8 14. Nxe6 fxe6 15. Bg5 e5 16. Re3 Kh8 17. Bf5 g6 18. Bxf6+ Bxf6 19. Rh3 Qd8 20. Qd3 gxf5 21. Qxf5 Bg5+ 22. Kb1 Qe7 23. Rh5 h6 24. h4 Rf8 25. Qxg5 Qxg5 26. hxg5 Rxf2 27. Rxd6 Rxg2 28. Rhxh6+ Kg7 29. Rd7+ Kg8 30. Rg6+ Kh8 31. Rxb7 Re8 32. Rgg7 e4 33. Rge7 Rg1+ 34. Ka2 Rxe7 35. Rxe7 Re1 36. Rxa7 e3 37. Re7 Kg8 38. b4 Kf8 39. Re5 cxb4 40. cxb4 e2 41. a4 Kf7 42. a5 Rg1 43. Rxe2 Rxg5 44. a6 Rg6 45. b5 Rg4 46. Kb3 Rg3+ 1-0

[Event "European Womens-ch 2025"]
[Site "Rhodes"]
[Date "2025.04.03"]
[Round "4.49"]
[White "Shuqja, Klean"]
[Black "Piddubna, Bozhena"]
[Result "1/2-1/2"]
[Annotator "RC"]
[ECO "C75"]
[WhiteElo "2049"]
[BlackElo "2145"]
[PlyCount "76"]
[EventDate "2025.03.29"]
[EventType "swiss"]
[EventCountry "GRE"]
[SourceTitle "playchess.com"]
[Source "ChessBase"]
[SourceQuality "1"]
[TimeControl "40/5400+30:1800+30"]

1. e4 e5 2. Nf3 Nc6 3. Bb5 a6 4. Ba4 d6 5. c3 Bd7 6. O-O Nge7 7. d4 Ng6 8. d5 Nb8 9. Bc2 Be7 10. Be3 O-O 11. Qd2 f5 12. exf5 Bxf5 13. Bxf5 Rxf5 14. c4 Qd7 15. Qe2 Rf7 16. Nc3 Qf5 17. Nd2 Nd7 18. Nde4 Nf4 19. Bxf4 exf4 20. f3 Ne5 21. b4 g5 22. c5 Rg7 23. cxd6 cxd6 24. Nf2 Rc8 25. Rac1 h5 26. Qe4 Qd7 27. Ne2 g4 28. Rxc8+ Qxc8 29. Rc1 Qd7 30. fxg4 f3 31. gxf3 hxg4 32. f4 Nf3+ 33. Kg2 Rh7 34. h3 Nh4+ 35. Kh2 Nf3+ 36. Kg2 Nh4+ 37. Kh2 Nf3+ 38. Kg2 Nh4+ 1/2-1/2

[Event "European Womens-ch 2025"]
[Site "Rhodes"]
[Date "2025.04.03"]
[Round "4.50"]
[White "Zaksaite, Salomeja"]
[Black "Hariharan, Shambavi"]
[Result "1/2-1/2"]
[Annotator "RC"]
[ECO "D05"]
[WhiteElo "2137"]
[BlackElo "2024"]
[PlyCount "208"]
[EventDate "2025.03.29"]
[EventType "swiss"]
[EventCountry "GRE"]
[SourceTitle "playchess.com"]
[Source "ChessBase"]
[SourceQuality "1"]
[TimeControl "40/5400+30:1800+30"]

1. d4 d5 2. Nf3 Nf6 3. e3 c5 4. b3 e6 5. Bb2 Nc6 6. Bd3 Be7 7. O-O O-O 8. Nbd2 Bd7 9. Ne5 cxd4 10. exd4 Qc7 11. a3 Bd6 12. Re1 Ne7 13. Ndf3 Bc6 14. Nxc6 bxc6 15. Ne5 Ng6 16. g3 c5 17. Nxg6 hxg6 18. dxc5 Bxc5 19. Qf3 Be7 20. h4 Rac8 21. Rac1 Rfd8 22. c4 Qb6 23. b4 dxc4 24. Bxc4 a5 25. b5 a4 26. Re2 Rc5 27. Be5 Rcc8 28. Rcc2 Bc5 29. Bxf6 gxf6 30. h5 gxh5 31. Re4 Rd4 32. Bxe6 Rxe4 33. Bxc8 Re1+ 34. Kh2 Qxb5 35. Bh3 Bf8 36. Qxf6 Rh1+ 37. Kxh1 Qb1+ 38. Kg2 Qxc2 39. Bf5 Qe2 40. Qg5+ Bg7 41. Qd8+ Bf8 42. Qa8 Qe7 43. Qxa4 Qxa3 44. Qh4 Qa8+ 45. Be4 Qa5 46. Bf3 Qf5 47. Bxh5 Bc5 48. Bf3 Qc2 49. Qg4+ Kf8 50. Be2 f5 51. Qg5 Ke8 52. Qg6+ Ke7 53. Qa6 Qe4+ 54. Bf3 Qd4 55. Qe2+ Kf6 56. Bb7 Bb6 57. Qf3 Bc5 58. Qc6+ Ke7 59. Qf3 Kf6 60. Qe2 Bb6 61. Qc2 Bc5 62. Qa2 Bb6 63. Bf3 Bc5 64. Qc2 Bb6 65. Kg1 Bc5 66. Bc6 Qa1+ 67. Kh2 Qd4 68. Kg2 Bb6 69. Bb7 Bc5 70. Bf3 Bb6 71. Qc6+ Ke7 72. Qc2 Kf6 73. Kf1 Qa1+ 74. Bd1 Qd4 75. Qc6+ Ke7 76. Qf3 Qc5 77. Be2 Ke6 78. Bd3 Qc1+ 79. Kg2 Qc5 80. Bxf5+ Ke7 81. g4 Qe5 82. Qa3+ Bc5 83. Qa4 Qd4 84. Qa2 Qe5 85. Kf1 Kf6 86. Qg8 Qd4 87. Qe6+ Kg5 88. Qe2 Qa1+ 89. Kg2 Qd4 90. Qf3 Qf4 91. Qe2 Qd4 92. Qc2 Qd5+ 93. Be4 Qd4 94. Bf3 Kh6 95. Qc1+ Kg6 96. Qe1 Kg5 97. Qe2 Kf6 98. Bc6 Kg5 99. Bf3 Kf6 100. Qa2 Kg7 101. Bd1 Qxd1 102. Qe6 Qd4 103. Qf5 Bd6 104. Qg5+ Kf7 1/2-1/2

[Event "European Womens-ch 2025"]
[Site "Rhodes"]
[Date "2025.04.03"]
[Round "4.51"]
[White "Mihaljevic, Eva"]
[Black "Ciolacu, Alessia-Mihaela"]
[Result "1-0"]
[Annotator "NA RC"]
[ECO "B90"]
[WhiteElo "2039"]
[BlackElo "2136"]
[PlyCount "41"]
[EventDate "2025.03.29"]
[EventType "swiss"]
[EventCountry "GRE"]
[SourceTitle "playchess.com"]
[Source "ChessBase"]
[SourceQuality "1"]
[TimeControl "40/5400+30:1800+30"]

1. e4 c5 2. Nf3 d6 3. d4 cxd4 4. Nxd4 Nf6 5. Nc3 a6 6. h3 e5 7. Nf3 h5 8. Ng5 Be7 9. Bc4 O-O 10. a4 Nc6 11. Be3 Nb4 12. O-O Bd7 13. Qe2 Rc8 14. Bb3 Qa5 15. f4 Bd8 16. fxe5 Qxe5 17. Rad1 Be7 18. Qf2 b5 19. Nf3 Nxe4 20. Nxe5 Nxf2 21. Rxf2 1-0

[Event "European Womens-ch 2025"]
[Site "Rhodes"]
[Date "2025.04.03"]
[Round "4.52"]
[White "Chelushkina, Irina"]
[Black "Golsta, Ramona"]
[Result "1-0"]
[Annotator "RC"]
[ECO "D79"]
[WhiteElo "2134"]
[BlackElo "1943"]
[PlyCount "165"]
[EventDate "2025.03.29"]
[EventType "swiss"]
[EventCountry "GRE"]
[SourceTitle "playchess.com"]
[Source "ChessBase"]
[SourceQuality "1"]
[TimeControl "40/5400+30:1800+30"]

1. Nf3 d5 2. g3 Nf6 3. Bg2 g6 4. d4 Bg7 5. O-O O-O 6. c4 c6 7. cxd5 cxd5 8. Nc3 Nc6 9. Ne5 a6 10. h3 Be6 11. Be3 Rc8 12. Rc1 Nd7 13. Nxc6 bxc6 14. Na4 f6 15. b3 Bf7 16. Qd3 a5 17. Bd2 e5 18. e3 f5 19. dxe5 Nxe5 20. Qa6 Ra8 21. Qe2 Be8 22. Bc3 Nf7 23. Bxg7 Kxg7 24. Qd2 Nd6 25. Qd4+ Qf6 26. Nc5 Qxd4 27. Ne6+ Kf6 28. Nxd4 Ra6 29. Rfd1 Bd7 30. Bf1 Rb6 31. Rc5 Nb7 32. Rc2 c5 33. Ne2 Be6 34. Nc3 Rd8 35. Rcd2 Rbd6 36. Bg2 d4 37. exd4 Rxd4 38. Rxd4 cxd4 39. Nb5 Nc5 40. Rxd4 Rxd4 41. Nxd4 Nd3 42. Nc6 Nc1 43. Nxa5 Nxa2 44. f4 Nb4 45. Kf2 Ke7 46. Ke3 Kd6 47. Kd4 Nc2+ 48. Kc3 Ne3 49. Bf3 Nf1 50. b4 Nxg3 51. Nb7+ Kc7 52. Kd4 Ne4 53. Nc5 Bc8 54. Bxe4 fxe4 55. h4 e3 56. Kxe3 Kd6 57. Kd4 h6 58. b5 Kc7 59. Ne4 Bb7 60. Nf6 Kb6 61. Kc4 Bf3 62. Nd7+ Kc7 63. Ne5 Be4 64. Kc5 Kb7 65. b6 h5 66. Nc4 Bg2 67. Na5+ Ka6 68. b7 Ka7 69. Kd6 Kb8 70. Ke5 Kc7 71. Kf6 Be4 72. Nc4 Bxb7 73. Kxg6 Bf3 74. Kf6 Kd8 75. Ne5 Bd1 76. Kf7 Bc2 77. Nc6+ Kd7 78. Nd4 Bd1 79. f5 Kd6 80. f6 Ba4 81. Kf8 Ke5 82. f7 Kxd4 83. Kg7 1-0

[Event "European Womens-ch 2025"]
[Site "Rhodes"]
[Date "2025.04.03"]
[Round "4.53"]
[White "Zvereva, Marija"]
[Black "Cornileau, Juliette"]
[Result "0-1"]
[Annotator "RC"]
[ECO "B20"]
[WhiteElo "2033"]
[BlackElo "2130"]
[PlyCount "108"]
[EventDate "2025.03.29"]
[EventType "swiss"]
[EventCountry "GRE"]
[SourceTitle "playchess.com"]
[Source "ChessBase"]
[SourceQuality "1"]
[TimeControl "40/5400+30:1800+30"]

1. f4 c5 2. Nf3 d5 3. g3 Nc6 4. Bg2 g6 5. O-O Bg7 6. d3 e6 7. e4 Nge7 8. e5 h5 9. Be3 b6 10. Bf2 O-O 11. Nc3 a6 12. h3 Qc7 13. g4 hxg4 14. hxg4 f6 15. exf6 Bxf6 16. Bg3 b5 17. Qe1 Nd4 18. Rc1 Nxf3+ 19. Bxf3 Qb6 20. Kg2 b4 21. Nd1 Bd7 22. Bh4 Qd6 23. Bxf6 Rxf6 24. Qh4 Rf7 25. Rh1 Kf8 26. Qh6+ Ke8 27. Qg5 Bc6 28. Kg3 Kd7 29. Ne3 Raf8 30. Ng2 e5 31. Rce1 exf4+ 32. Kf2 Qf6 33. Qxf6 Rxf6 34. g5 R6f7 35. Bg4+ Kc7 36. Be6 Rg7 37. d4 Nf5 38. Nxf4 Nxd4 39. Kg3 Kd6 40. Bg4 Nf5+ 41. Kf2 Ne3 42. Rxe3 Rxf4+ 43. Kg3 Rxg4+ 44. Kxg4 d4 45. Ree1 Bxh1 46. Rxh1 Re7 47. Rh2 Kd5 48. Rf2 Re6 49. b3 c4 50. Rf8 c3 51. Rd8+ Rd6 52. Rf8 d3 53. cxd3 c2 54. Rf1 Kd4 0-1

[Event "European Womens-ch 2025"]
[Site "Rhodes"]
[Date "2025.04.03"]
[Round "4.54"]
[White "Karadas, Hena"]
[Black "Nadzamova, Viktoria"]
[Result "0-1"]
[Annotator "RC"]
[ECO "B23"]
[WhiteElo "1931"]
[BlackElo "2122"]
[PlyCount "90"]
[EventDate "2025.03.29"]
[EventType "swiss"]
[EventCountry "GRE"]
[SourceTitle "playchess.com"]
[Source "ChessBase"]
[SourceQuality "1"]
[TimeControl "40/5400+30:1800+30"]

1. e4 c5 2. Nc3 Nc6 3. Bb5 e6 4. Bxc6 bxc6 5. f4 d5 6. e5 Ne7 7. Nf3 h5 8. O-O Nf5 9. d3 Be7 10. Ne2 h4 11. d4 Ba6 12. c3 Qb6 13. Re1 Bxe2 14. Rxe2 cxd4 15. cxd4 c5 16. b3 cxd4 17. Qd3 Rc8 18. Bb2 Rc3 19. Bxc3 dxc3+ 20. Kf1 Bc5 21. b4 Ne3+ 22. Ke1 Qxb4 23. Rxe3 Bxe3 24. Qxe3 O-O 25. Rc1 Rc8 26. Qd3 Rc4 27. Kf2 Qc5+ 28. Kf1 g6 29. g3 h3 30. Rc2 d4 31. Ng5 Rb4 32. g4 Rb1+ 33. Ke2 Rb2 34. Kd1 Qd5 35. Rxb2 cxb2 36. Ne4 Qxa2 37. Nd2 Qa4+ 38. Qc2 Qb5 39. f5 d3 40. Qc8+ Kg7 41. Nb1 Qxe5 42. Qc3 Qxc3 43. Nxc3 exf5 44. gxf5 g5 45. Kd2 g4 0-1

[Event "European Womens-ch 2025"]
[Site "Rhodes"]
[Date "2025.04.03"]
[Round "4.55"]
[White "Berke, Ana"]
[Black "Krkyasharyan, Sona"]
[Result "1/2-1/2"]
[Annotator "NA RC"]
[ECO "B55"]
[WhiteElo "2119"]
[BlackElo "1989"]
[PlyCount "54"]
[EventDate "2025.03.29"]
[EventType "swiss"]
[EventCountry "GRE"]
[SourceTitle "playchess.com"]
[Source "ChessBase"]
[SourceQuality "1"]
[TimeControl "40/5400+30:1800+30"]

1. e4 c5 2. Nf3 d6 3. d4 cxd4 4. Nxd4 Nf6 5. f3 e5 6. Nb3 d5 7. Bg5 d4 8. c3 Nc6 9. cxd4 Bb4+ 10. Bd2 Nxe4 11. Bxb4 Qh4+ 12. g3 Nxg3 13. hxg3 Qxh1 14. Ba3 Bh3 15. N1d2 Qg1 16. Qe2 Qxg3+ 17. Kd1 O-O-O 18. Rc1 Bxf1 19. Qxf1 Kb8 20. Rxc6 bxc6 21. Na5 Qg6 22. Qa6 Rd7 23. Nxc6+ Kc7 24. Qxa7+ Kxc6 25. Qa4+ Kc7 26. Qa7+ Kc6 27. Qa4+ Kc7 1/2-1/2

[Event "European Womens-ch 2025"]
[Site "Rhodes"]
[Date "2025.04.03"]
[Round "4.56"]
[White "Nahapetyan, Ani"]
[Black "Koridze, Lile"]
[Result "1-0"]
[Annotator "RC"]
[ECO "B90"]
[WhiteElo "1887"]
[BlackElo "2115"]
[PlyCount "73"]
[EventDate "2025.03.29"]
[EventType "swiss"]
[EventCountry "GRE"]
[SourceTitle "playchess.com"]
[Source "ChessBase"]
[SourceQuality "1"]
[TimeControl "40/5400+30:1800+30"]

1. e4 c5 2. Nf3 d6 3. d4 cxd4 4. Nxd4 Nf6 5. Nc3 a6 6. Bd3 e5 7. Nde2 Nc6 8. O-O Be7 9. h3 O-O 10. Be3 Nb4 11. Bc4 Be6 12. Bd5 Nbxd5 13. exd5 Bf5 14. f4 exf4 15. Rxf4 Bg6 16. Ng3 Nd7 17. Bd4 Ne5 18. Rf1 b5 19. Nf5 Re8 20. Bxe5 dxe5 21. Qf3 Bc5+ 22. Kh1 Rc8 23. Rad1 Qb6 24. d6 Bxf5 25. d7 Bxd7 26. Qxf7+ Kh8 27. Rxd7 Rg8 28. Nd5 Qc6 29. Rf6 Qa8 30. Rh6 Rc6 31. Nf6 Rxf6 32. Rxf6 Qc8 33. Rf5 Be3 34. Rxe5 Bh6 35. Rde7 Qxc2 36. Re8 Qc1+ 37. Re1 1-0

[Event "European Womens-ch 2025"]
[Site "Rhodes"]
[Date "2025.04.03"]
[Round "4.57"]
[White "Chasouraki, Chrysi"]
[Black "Heinatz, Gundula"]
[Result "1/2-1/2"]
[Annotator "RC"]
[ECO "B13"]
[WhiteElo "1843"]
[BlackElo "2111"]
[PlyCount "82"]
[EventDate "2025.03.29"]
[EventType "swiss"]
[EventCountry "GRE"]
[SourceTitle "playchess.com"]
[Source "ChessBase"]
[SourceQuality "1"]
[TimeControl "40/5400+30:1800+30"]

1. e4 c6 2. d4 d5 3. exd5 cxd5 4. Bd3 Nc6 5. c3 Qc7 6. h3 Nf6 7. Nf3 g6 8. O-O Bg7 9. Re1 O-O 10. Nbd2 Nh5 11. Nb3 a6 12. Be3 f5 13. c4 e6 14. Rc1 Nf6 15. Ne5 Qd6 16. Bf4 Nh5 17. Bh2 f4 18. c5 Qd8 19. Nxc6 bxc6 20. Be2 Qg5 21. Bg4 Nf6 22. Bxe6+ Bxe6 23. Rxe6 Ne4 24. f3 Ng3 25. Bxg3 fxg3 26. Rc3 Rae8 27. Qe2 Rxe6 28. Qxe6+ Kh8 29. Qg4 Bh6 30. Qxg5 Bxg5 31. Rd3 Rb8 32. Kf1 Rb5 33. a4 Rb4 34. a5 Rb8 35. Ke2 Kg7 36. Kd1 h5 37. Kc2 Re8 38. Nc1 h4 39. Kd1 Bd8 40. b4 Bg5 41. Ne2 Rb8 1/2-1/2

[Event "European Womens-ch 2025"]
[Site "Rhodes"]
[Date "2025.04.03"]
[Round "4.58"]
[White "Paasikangas, Johanna"]
[Black "Alexandri, Vasiliki"]
[Result "1-0"]
[Annotator "RC"]
[ECO "C97"]
[WhiteElo "2106"]
[BlackElo "1927"]
[PlyCount "119"]
[EventDate "2025.03.29"]
[EventType "swiss"]
[EventCountry "GRE"]
[SourceTitle "playchess.com"]
[Source "ChessBase"]
[SourceQuality "1"]
[TimeControl "40/5400+30:1800+30"]

1. e4 e5 2. Nf3 Nc6 3. Bb5 a6 4. Ba4 Nf6 5. O-O b5 6. Bb3 Be7 7. c3 d6 8. Re1 O-O 9. h3 Na5 10. Bc2 c5 11. d4 Qc7 12. d5 Bd7 13. b3 Nb7 14. Nbd2 g6 15. Nf1 Nh5 16. Bh6 Ng7 17. g4 f6 18. Ng3 Nd8 19. Qd2 Nf7 20. Be3 Rfb8 21. Rec1 a5 22. b4 axb4 23. cxb4 c4 24. Qc3 Qb7 25. Nd2 Bd8 26. Rcb1 Rc8 27. a3 Bb6 28. Ra2 Ng5 29. Kg2 Bxe3 30. Qxe3 c3 31. Nb3 h5 32. f3 h4 33. Ne2 Qa7 34. Qxa7 Rxa7 35. Rc1 f5 36. Bd3 fxg4 37. fxg4 Rf8 38. Ng1 Rc7 39. Rac2 Rfc8 40. Na5 Ne8 41. Ne2 Nf6 42. Nc6 Bxc6 43. dxc6 Ngxe4 44. Bxb5 d5 45. Nxc3 Nd6 46. a4 d4 47. Rf2 Nxg4 48. hxg4 dxc3 49. Re2 e4 50. Rxc3 Kg7 51. Rc5 Kf6 52. g5+ Ke6 53. Kh3 Ra8 54. Bc4+ Nxc4 55. Rxe4+ Kd6 56. Rd4+ Ke6 57. Rdxc4 Rxa4 58. b5 Ra3+ 59. Rc3 Ra1 60. b6 1-0